 Dungeon Crawl Stone Soup version 0.29.1-1-gd02db69 (webtiles) character file.

Game seed: 15833201010614542663

6327 Kel the Cleaver (level 10, 0/56 HPs)
             Began as a Gargoyle Berserker on Nov 26, 2022.
             Was an Elder of Trog.
             Slain by a killer bee (5 damage)
             ... on level 9 of the Dungeon.
             The game lasted 00:14:09 (10320 turns).

Kel the Cleaver (Gargoyle Berserker)               Turns: 10320, Time: 00:14:09

Health: 0/56       AC: 29    Str: 24    XL:     10   Next: 95%
Magic:  10/10      EV:  6    Int:  9    God:    Trog [****..]
Gold:   500        SH:  8    Dex: 13    Spells: 9/9 levels left

rFire   + . .      SeeInvis .   r - +4 flail (protect)
rCold   + + .      Faith    .   E - +0 buckler
rNeg    + . .      Spirit   .   x - +0 plate armour
rPois   ∞          Reflect  +   F - +1 hat
rElec   +          Harm     .   p - +1 cloak
rCorr   .          Rampage  .   a - +0 pair of gloves
Will    +....                   (no boots)
Stlth   ..........              c - amulet of reflection
HPRegen 0.18/turn               n - ring of willpower
MPRegen 0.12/turn               s - ring of Recklessness {rPois rF+ rC++ Dex+4 Stlth-}

@: under a protective aura, on berserk cooldown, slowed, very slow
A: sickness immunity, AC +7, negative energy resistance 1, electricity
resistance, torment resistance 1, petrification resistance
a: Renounce Religion, Berserk, Trog's Hand, Brothers in Arms


You were on level 9 of the Dungeon.
You worshipped Trog.
Trog was greatly pleased with you.
You visited 1 branch of the dungeon, and saw 9 of its levels.
You also visited: Ossuary.

You collected 500 gold pieces.

Inventory:

Hand Weapons
 r - a +4 flail of protection (weapon)
Armour
 a - a +0 pair of gloves (worn)
 p - a +1 cloak (worn)
 x - a +0 plate armour (worn)
 E - a +0 buckler (worn)
 F - a +1 hat (worn)
Jewellery
 c - an amulet of reflection (around neck)
 n - a ring of willpower (left hand)
 s - the ring of Recklessness (right hand) {rPois rF+ rC++ Dex+4 Stlth-}
   (You took it off a kobold on level 4 of the Dungeon)

   [ring of protection from fire]

   Dex:       It affects your dexterity (+4).
   rF:        It protects you from fire.
   rC:        It greatly protects you from cold.
   rPois:     It protects you from poison.
   Stlth:     It makes you less stealthy.
 H - a ring of flight
Wands
 q - a wand of quicksilver (7)
 u - a wand of digging (9)
 I - a wand of mindburst (8)
Scrolls
 b - 5 scrolls of noise {unknown}
 d - 4 scrolls of teleportation {unknown}
 i - 2 scrolls of fear {unknown}
 j - a scroll of acquirement {unknown}
 l - 10 scrolls of identify {unknown}
 m - 2 scrolls of poison {unknown}
 o - 2 scrolls of silence {unknown}
 t - 3 scrolls of blinking {unknown}
 w - a scroll of butterflies {unknown}
 y - 2 scrolls of enchant armour {unknown}
 A - 2 scrolls of amnesia {unknown}
 C - a scroll of summoning {unknown}
Potions
 e - 5 potions of brilliance {unknown}
 f - 4 potions of ambrosia {unknown}
 g - 6 potions of curing {unknown}
 h - 3 potions of lignification {unknown}
 k - 6 potions of might {unknown}
 v - 2 potions of haste {unknown}
 z - a potion of degeneration {unknown}
 B - a potion of heal wounds {unknown}
 D - 2 potions of attraction {unknown}
 G - a potion of flight {unknown}
 J - a potion of magic {unknown}


   Skills:
 - Level 3.2 Fighting
 + Level 14.9 Axes
 - Level 2.1 Armour
 - Level 1.5 Dodging


You had 9 spell levels left.
You didn't know any spells.
Your spell library was empty.

Dungeon Overview and Level Annotations

Branches:
Dungeon (9/15)             Temple (0/1) D:7         Ossuary (visited)
   Lair: D:8-11         Orc: D:9-12

Altars:
Ashenzari
Cheibriados
Dithmenos
Fedhas
Kikubaaqudgha
Qazlal
Ru
Zin

Shops:
D:6 =[[   D:9 *


Innate Abilities, Weirdness & Mutations

You are immune to sickness and miasma.
Your stone body is resilient. (AC +7)
You are immune to poison.
You resist negative energy. (rN+)
You are resistant to electric shocks. (rElec)
You are resistant to unholy torment.
You are immune to petrification.


Message History

The killer bee stings you but does no damage.
You block the killer bee's attack.
The killer bee stings you but does no damage.
You block the killer bee's attack. The killer bee barely misses you.
The killer bee stings you but does no damage.
You miss the killer bee.
The killer bee is severely wounded.
You are no longer berserk.
You are exhausted.
You feel yourself slow down. You block the killer bee's attack. x2
The killer bee stings you.
* * * LOW HITPOINT WARNING * * *
You sock the killer bee!
You kill the killer bee!
Trog accepts your kill. You block the killer bee's attack.
The killer bee stings you but does no damage.
The killer bee barely misses you. The killer bee closely misses you.
The killer bee stings you but does no damage. x2
You completely miss the killer bee.
The killer bee is lightly wounded.
The killer bee stings you but does no damage. x2
You block the killer bee's attack. x3
The killer bee stings you but does no damage.
You thump the killer bee!
The killer bee is heavily wounded.
You block the killer bee's attack. The killer bee stings you.
* * * LOW HITPOINT WARNING * * *
The killer bee stings you but does no damage. x2
You barely miss the killer bee.
The killer bee is heavily wounded.
The killer bee barely misses you. You block the killer bee's attack.
The killer bee stings you but does no damage.
The killer bee barely misses you.
The killer bee stings you but does no damage.
The killer bee stings you.
* * * LOW HITPOINT WARNING * * *
The killer bee stings you but does no damage.
You block the killer bee's attack. x2; The killer bee stings you.
You die...

#.##.#.# #..~~~.###.#.#..#
# #.##.#.#
#...............#####
#.##.#.###..........
.......
#.##.#...........>..
....... #.#####..........
..##### #............##
#########..#.####
#.yy.....#########
#.#@.............#
#.#<#............#
....#............#
...#.#............#
....#.#............#
....##.#............# .....
..#............#
############............#
#.......................###


You could see 2 killer bees.

Vanquished Creatures
  Gastronok (D:8)
  Pikel (D:5)
  Prince Ribbit (D:8)
  A shadow (D:8)
  8 yaks (D:9)
  Duvessa (D:5)
  2 water moccasins
  An orc warrior (D:8)
  3 sky beasts
  3 ice beasts
  An ogre (D:6)
  A black bear (D:5)
  5 centaurs
  A lemure (D:5)
  Blork the orc (D:5)
  A kobold brigand (D:8)
  2 bullfrogs (D:7)
  2 gnoll sergeants (D:8)
  2 necrophages
  Dowan (D:5)
  4 killer bees (D:9)
  3 howler monkeys (D:7)
  4 hounds
  2 centaur zombies (Ossuary)
  2 orc priests
  A gnoll bouda (D:7)
  A jelly (D:4)
  Terence (D:3)
  Jessica (D:3)
  4 iguanas
  4 orc wizards
  2 mummies (Ossuary)
  12 gnolls
  7 adders
  A white imp (D:4)
  A worm (D:4)
  4 dart slugs
  13 orcs
  8 endoplasms
  2 giant cockroaches
  6 goblins
  8 hobgoblins
  3 jackals (D:3)
  5 quokkas
  7 ball pythons
  A ball python skeleton (D:2)
  9 bats
  15 frilled lizards
  A goblin zombie (Ossuary)
  13 hobgoblin zombies (Ossuary)
  3 jackal zombies (Ossuary)
  11 kobolds
  10 kobold zombies (Ossuary)
  6 orc zombies (Ossuary)
  6 rats
  2 rat zombies (Ossuary)
222 creatures vanquished.

Vanquished Creatures (others)
  9 plants
  A withered plant (D:2)
10 creatures vanquished.

Grand Total: 232 creatures vanquished

Notes
Turn   | Place    | Note
-------+----------+-------------------------------------------
     0 | D:1      | Kel the Gargoyle Berserker began the quest for the Orb.
     0 | D:1      | Reached XP level 1. HP: 14/14 MP: 1/1
    87 | D:1      | Reached skill level 3 in Axes
   143 | D:1      | Reached XP level 2. HP: 17/19 MP: 2/2
   774 | D:1      | Reached XP level 3. HP: 14/23 MP: 3/3
   779 | D:1      | Reached ** piety under Trog
  1343 | D:1      | Reached skill level 4 in Axes
  1754 | D:2      | Found a broken altar of Ashenzari.
  2232 | D:2      | Reached XP level 4. HP: 25/28 MP: 4/4
  2795 | D:3      | Noticed Jessica
  2809 | D:3      | Killed Jessica
  2810 | D:3      | Reached skill level 5 in Axes
  2810 | D:3      | Reached XP level 5. HP: 32/32 MP: 5/5
  3027 | D:3      | Noticed Terence
  3037 | D:3      | Killed Terence
  3063 | D:3      | Reached *** piety under Trog
  3655 | D:4      | Found a stormy altar of Qazlal.
  3655 | D:4      | Found an ancient bone altar of Kikubaaqudgha.
  3655 | D:4      | Found a broken altar of Ashenzari.
  3656 | D:4      | Found a sacrificial altar of Ru.
  3658 | D:4      | Identified the ring of Recklessness {rPois rF+ rC++ Dex+4
                  | Stlth-}
  4019 | D:4      | Reached skill level 6 in Axes
  4019 | D:4      | Reached XP level 6. HP: 23/37 MP: 6/6
  4933 | D:5      | Entered Level 5 of the Dungeon
  4944 | D:5      | Found a sand-covered staircase.
  4950 | Ossuary  | Entered an ossuary
  4970 | Ossuary  | Reached skill level 7 in Axes
  4988 | Ossuary  | Reached XP level 7. HP: 39/41 MP: 7/7
  5091 | Ossuary  | HP: 3/61 [mummy (14)]
  5096 | Ossuary  | Reached **** piety under Trog
  5567 | D:5      | Noticed Pikel
  5595 | D:5      | Killed Pikel
  5596 | D:5      | Reached skill level 9 in Axes
  5596 | D:5      | Reached XP level 8. HP: 35/46 MP: 8/8
  5692 | D:5      | Found a shadowy altar of Dithmenos.
  6112 | D:5      | Noticed Blork the orc
  6130 | D:5      | Killed Blork the orc
  6163 | D:5      | Noticed Dowan
  6165 | D:5      | Noticed Duvessa
  6175 | D:5      | Killed Dowan
  6183 | D:5      | Killed Duvessa
  6184 | D:5      | Reached skill level 10 in Axes
  6572 | D:6      | Found Jaiqaen's Antique Armour Emporium.
  6663 | D:6      | Found a blossoming altar of Fedhas.
  6747 | D:6      | Found Ukhan's Jewellery Shoppe.
  6757 | D:6      | Reached XP level 9. HP: 28/51 MP: 9/9
  7048 | D:6      | Found Erraoss's Antique Armour Shop.
  7289 | D:6      | Reached skill level 11 in Axes
  7814 | D:7      | Found a staircase to the Ecumenical Temple.
  7915 | D:7      | Reached skill level 12 in Axes
  8459 | D:8      | Noticed Gastronok
  8491 | D:8      | Killed Gastronok
  8492 | D:8      | Reached skill level 13 in Axes
  8492 | D:8      | Reached XP level 10. HP: 55/56 MP: 10/10
  8736 | D:8      | Noticed a two-headed ogre
  8763 | D:8      | Found the +10 tower shield of Ignorance {rN+ Int-4}
  9198 | D:8      | Noticed Prince Ribbit
  9214 | D:8      | Killed Prince Ribbit
  9215 | D:8      | Reached skill level 14 in Axes
 10171 | D:9      | Found Zin's Purification Station.
 10171 | D:9      | Found a glowing silver altar of Zin.
 10258 | D:9      | Found a snail-covered altar of Cheibriados.
 10320 | D:9      | Slain by a killer bee

Illustrated notes

Levels and vault maps discovered:
D:1:      dpeg_arrival_simpleton_a, layout_basic, serial_bayou_lagoon_a,
          dreamdust_princess_corridor, minivault_26, minivault_5,
          chequers_arboretum, nrook_mini_vaults, chequers_serial_rivers_large_a,
          minmay_pentomino_z4
D:2:      layout_basic, serial_undead, serial_undead_d, serial_undead_c,
          serial_undead_b, serial_undead_b, basic_altar, minmay_lizard_king
D:3:      layout_basic, minmay_misc_feat_ornament, uniq_jessica, uniq_terence
D:4:      layout_loops_ring, chequers_temple_overflow_statue_of_worship
D:5:      layout_loops_ring, grunt_dithmenos_smoke_and_mirrors,
          lightli_ossuary_entry_decrepit_ruins, uniq_duvessa, uniq_pikel,
          uniq_blork_the_orc
D:6:      layout_basic, fedhas_ov_isle_minmay, serial_shops,
          nicolae_shop_crystal, shop, nicolae_shop_crystal,
          kennysheep_generic_room_13
D:7:      layout_loops_ring, minmay_temple_entry_statues_pillars,
          kennysheep_generic_room_10
D:8:      layout_rooms, onia_ninara_dug_in_and_dangerous, uniq_prince_ribbit1,
          uniq_gastronok
D:9:      layout_basic, kennysheep_slug_shrine, zin_purify

Skill      XL: |  1  2  3  4  5  6  7  8  9 10 |
---------------+-------------------------------+-----
Axes           | 3 4 5 6 7 9 10 13 14 | 14.9
Fighting       | |  3.2
Armour         | |  2.1
Dodging        | |  1.5

Action                   |  1- 3 |  4- 6 |  7- 9 | 10-12 || total
-------------------------+-------+-------+-------+-------++-------
Melee: Hand axe          |   135 |   183 |   210 |       ||   528
       Punch             |     1 |     1 |     5 |       ||     7
       Flail             |       |       |   167 |   176 ||   343
Invok: Berserk           |       |     3 |     4 |     4 ||    11
Armor: Animal skin       |    63 |       |       |       ||    63
       Leather armour    |    15 |    11 |       |       ||    26
       Ring mail         |       |    12 |       |       ||    12
       Chain mail        |       |    54 |    92 |       ||   146
       Plate armour      |       |       |   137 |   159 ||   296
Dodge: Dodged            |    91 |    67 |   100 |    61 ||   319
Block: Other             |    39 |    37 |    84 |       ||   160
       Reflection        |     1 |     4 |     6 |     2 ||    13
       Buckler           |       |       |       |   114 ||   114
